 Dungeon Crawl Stone Soup version 0.30.1-3-gfc49f6343a (webtiles) character file.

Game seed: 6124491075069167908

165 Martska the Trooper (level 5, -10/53 (55) HPs)
             Began as an Ogre Gladiator on July 19, 2023.
             Mangled by Crazy Yiuf
             ... wielding a +3 quarterstaff of chaos
              (11 damage)
             ... on level 3 of the Dungeon.
             The game lasted 00:03:27 (2984 turns).

Martska the Trooper (Ogre Gladiator)                Turns: 2984, Time: 00:03:28

HP:   -10/53 (55)   AC:  4    Str: 20    XL:     5   Next: 46%
MP:   5/5           EV: 10    Int:  9    God:
Gold: 161           SH:  0    Dex: 10    Spells: 4/4 levels left

rFire   + . .        t - +5 club
rCold   + . .        (no shield)
rNeg    . . .        b - +0 robe
rPois   +            c - +0 hat
rElec   +            r - +0 cloak
rCorr   +            (gloves unavailable)
SInv    .            (boots unavailable)
Will    .....        (no amulet)
Stlth   +            g - ring of poison resistance
HPRegen 0.28/turn    (no ring)
MPRegen 0.09/turn

%: no passive effects
@: resistant, lightly drained
A: large, unfitting armour, tough skin 1
a: no special abilities


You were on level 3 of the Dungeon.
You visited 1 branch of the dungeon, and saw 3 of its levels.

You collected 161 gold pieces.

Inventory:

Hand Weapons
 a - a +0 flail
 q - the +4 long sword of Rubbish {drain, Int+2}
   (You found it on level 3 of the Dungeon)

   Int:       It affects your intelligence (+2).
 t - a +5 club (weapon)
Missiles
 d - 3 throwing nets (quivered)
 e - a large rock
Armour
 b - a +0 robe (worn)
 c - a +0 hat (worn)
 r - a +0 cloak (worn)
Jewellery
 g - a ring of poison resistance (left hand)
 p - an amulet of faith
 v - a ring of magical power
Wands
 u - a wand of flame (20)
Scrolls
 h - 4 scrolls of teleportation {unknown}
 i - a scroll of torment {unknown}
 k - 3 scrolls of enchant weapon {unknown}
 l - 2 scrolls of identify {unknown}
 m - 2 scrolls of poison {unknown}
Potions
 f - a potion of heal wounds {unknown}
 j - 2 potions of flight {unknown}
 n - a potion of brilliance {unknown}
 o - a potion of degeneration {unknown}
 s - a potion of magic {unknown}


   Skills:
 * Level 4.5 Fighting
 - Level 1.0(2.8) Axes
 * Level 3.8(3.9) Maces & Flails
 - Level 2.0 Throwing
 * Level 3.6 Dodging


You had 4 spell levels left.
You didn't know any spells.
Your spell library contained the following spells:

 Spells                   Type           Power      Damage    Failure   Level
 Ozocubu's Armour         Ice            0%         N/A       77%         3
 Metabolic Englaciation   Hex/Ice        0%         N/A       100%        5
 Simulacrum               Ice/Necr       0%         N/A       100%        6


Dungeon Overview and Level Annotations

Branches:
Dungeon (3/15)

Altars:

Shops:
D:2 =

Annotations:
D:3 Crazy Yiuf


Innate Abilities, Weirdness & Mutations

You are too large for most types of armour.
You have tough skin. (AC +1)


Message History

No reachable target in view!
No reachable target in view!
No reachable target in view!
No reachable target in view!
No reachable target in view!
You open the door. Crazy Yiuf hits you but does no damage.
You feel protected.
There is an open translucent door here.
You hit Crazy Yiuf.
Crazy Yiuf is moderately wounded.
Crazy Yiuf hits you with a +3 quarterstaff of chaos.
Crazy Yiuf draws strength from your wounds!
You hit Crazy Yiuf.
Crazy Yiuf is moderately wounded.
Crazy Yiuf hits you with a +3 quarterstaff of chaos!
Crazy Yiuf burns you.
You barely miss Crazy Yiuf.
Crazy Yiuf is moderately wounded.
Crazy Yiuf hits you with a +3 quarterstaff of chaos!
Crazy Yiuf draws strength from your wounds!
You sock Crazy Yiuf!
Crazy Yiuf is moderately wounded.
Crazy Yiuf hits you with a +3 quarterstaff of chaos!
* * * LOW HITPOINT WARNING * * *
You feel drained.
* * * LOW HITPOINT WARNING * * *
You completely miss Crazy Yiuf.
Crazy Yiuf is moderately wounded.
Crazy Yiuf hits you with a +3 quarterstaff of chaos.
* * * LOW HITPOINT WARNING * * *
You completely miss Crazy Yiuf.
Crazy Yiuf is moderately wounded.
Crazy Yiuf waves his quarterstaff at you.
Crazy Yiuf hits you with a +3 quarterstaff of chaos.
* * * LOW HITPOINT WARNING * * *
You hit Crazy Yiuf.
Crazy Yiuf is severely wounded.
Crazy Yiuf hits you with a +3 quarterstaff of chaos!
You die...

.........#.##.......# ###'####
.##(..####.#################.####
.####...##......................#
.# ###...################.......
.########## ###.##.# .#........#
###.##.# ...######## ####
♣♣##...##.# #..#......# #)..#♣♣
♣♣..#..###.# ##.#.######
#..g@.♣♣♣♣.P....# #.# #(#.####
#...#♣..♣..P...####.# #......###
#### ♣♣♣.♣...#...##.# #.#.##...#
♣♣♣♣♣##...##.# #.#.####.#
#...##.# #.#.# ####
############...##†# #.#.# #.#
#..............##.#
#.#.#####.####......#+########.#
#.#...............<...# #.#


You could see Crazy Yiuf.

Vanquished Creatures
  Jessica (D:3)
  A gnoll (D:2)
  5 adders
  4 worms
  3 dart slugs
  5 orcs (D:3)
  2 ball pythons
  6 bats
  9 endoplasms
  A giant cockroach (D:1)
  3 hobgoblins
  3 kobolds (D:1)
  4 quokkas
  7 frilled lizards
  5 goblins
  8 rats
67 creatures vanquished.

Notes
Turn   | Place    | Note
-------+----------+-------------------------------------------
     0 | D:1      | Martska the Ogre Gladiator began the quest for the Orb.
     0 | D:1      | Reached XP level 1. HP: 22/22 MP: 1/1
    87 | D:1      | Reached skill level 3 in Fighting
    87 | D:1      | Reached XP level 2. HP: 27/31 MP: 2/2
   443 | D:1      | Reached XP level 3. HP: 29/37 MP: 3/3
  1032 | D:2      | Reached skill level 1 in Axes
  1058 | D:2      | Reached XP level 4. HP: 21/48 MP: 4/4
  1391 | D:2      | Found Cijegh's Jewellery Emporium.
  1769 | D:2      | Reached skill level 4 in Fighting
  2113 | D:3      | Identified the +4 long sword of Rubbish {drain, Int+2}
  2173 | D:3      | Noticed Jessica
  2180 | D:3      | Killed Jessica
  2181 | D:3      | Reached XP level 5. HP: 33/54 MP: 5/5
  2384 | D:3      | Identified the orb of Roaru {mayhem, Int+2}
  2972 | D:3      | Found a runed translucent door.
  2973 | D:3      | Noticed Crazy Yiuf
  2983 | D:3      | HP: 1/53 [Crazy Yiuf/+3 quarterstaff of chaos (3)]
  2984 | D:3      | Mangled by Crazy Yiuf

Illustrated notes

Levels and vault maps discovered:
D:1:      nicolae_arrival_washed_ashore, layout_loops_cross, st_stairs_14
D:2:      minmay_chambers_of_twos, layout_loops_ring, serial_shops, shop
D:3:      layout_basic, uniq_crazy_yiuf_cottage, uniq_jessica

Skill      XL: |  1  2  3  4 |
---------------+-------------+-----
Fighting       | 3 4 |  4.5
Maces & Flails | 3 |  3.8
Dodging        | 3 |  3.6
Axes           | 1 |  1.0
Throwing       | |  2.0

Action                     |  1- 3 |  4- 6 || total
---------------------------+-------+-------++-------
  Melee: Flail             |    88 |    84 ||   172
         Club              |       |    43 ||    43
 Armour: Robe              |    39 |    33 ||    72
  Dodge: Dodged            |    52 |    65 ||   117
